 Dungeon Crawl Stone Soup version 0.29-a0-72-g1732ff48e7 (webtiles) character file.

Game seed: 16171619061033165443

31278 testman the Unseen (level 13, -10/87 HPs)
             Began as a Kobold Delver on Feb 3, 2022.
             Was a High Priest of Kikubaaqudgha.
             Killed from afar by a bog body (20 damage)
             ... with a bolt of cold
             ... on level 3 of the Lair of Beasts.
             The game lasted 02:15:54 (27170 turns).

testman the Unseen (Kobold Delver)                 Turns: 27170, Time: 02:15:54

Health: -10/87     AC: 15    Str: 10    XL:     13   Next: 95%
Magic:  35/35      EV: 14    Int: 19    God:    Kikubaaqudgha [*****.]
Gold:   280        SH:  7    Dex: 19    Spells: 18/31 levels left

rFire   + . .      SeeInvis +   p - +2 dagger (venom)
rCold   . . .      Faith    .   S - +0 buckler
rNeg    . . .      Spirit   .   t - +1 leather armour {rPois}
rPois   +          Reflect  .   E - +2 helmet {SInv}
rElec   .          Harm     .   k - +2 cloak {rF+}
rCorr   .          Rampage  .   C - +2 pair of gloves {hurl}
Will    .....                   n - +1 pair of boots
Stlth   +++++++...              D - amulet of the acrobat
HPRegen 0.24/turn               K - +6 ring of intelligence
MPRegen 0.24/turn               J - ring of magical power

@: hasted and slowed
A: small, no large weapons, nightstalker 3
a: Renounce Religion, Receive Corpses, Torment


You were on level 3 of the Lair of Beasts.
You worshipped Kikubaaqudgha.
Kikubaaqudgha was extremely pleased with you.
You visited 3 branches of the dungeon, and saw 16 of its levels.
You visited 1 bazaar.
You also visited: Volcano.

You collected 1022 gold pieces.
You spent 742 gold pieces at shops.

Inventory:

Hand Weapons
 a - a +0 vampiric short sword
 p - a +2 dagger of venom (weapon)
Missiles
 b - 5 datura-tipped darts
 w - 6 throwing nets
 x - 51 poisoned darts
 L - 3 curare-tipped darts
Armour
 k - a +2 cloak of fire resistance (worn)
 n - a +1 pair of boots (worn)
 r - a +2 leather armour of fire resistance
 t - a +1 leather armour of poison resistance (worn)
 C - a +2 pair of gloves of hurling (worn)
 E - a +2 helmet of see invisible (worn)
 S - a +0 buckler (worn)
Jewellery
 d - a ring of resist corrosion
 l - a ring of flight
 D - an amulet of the acrobat (around neck)
 J - a ring of magical power (right hand)
 K - a +6 ring of intelligence (left hand)
 Q - a ring of positive energy
Wands
 g - a wand of digging (10)
 y - a wand of acid (10)
 z - a wand of iceblast (6)
 A - a wand of paralysis (2)
 M - a wand of charming (11)
Scrolls
 c - 11 scrolls of fog
 e - 2 scrolls of fear
 i - 2 scrolls of brand weapon
 j - 5 scrolls of teleportation
 o - 3 scrolls of blinking
 q - 2 scrolls of immolation {unknown}
 v - 4 scrolls of vulnerability {unknown}
 G - 3 scrolls of enchant weapon {unknown}
 V - a scroll of amnesia {unknown}
Potions
 f - 3 potions of haste
 h - 3 potions of mutation
 m - 2 potions of might
 s - 5 potions of curing
 u - 4 potions of resistance
 B - 2 potions of flight
 H - a potion of lignification {unknown}
 O - a potion of magic {unknown}
 T - a potion of attraction {unknown}
 W - 2 potions of invisibility


   Skills:
 + Level 12.5 Fighting
 - Level 9.9 Short Blades
 - Level 3.7 Throwing
 - Level 2.4 Dodging
 + Level 16.2 Stealth
 + Level 4.9 Shields
 + Level 9.6 Spellcasting
 + Level 9.7 Necromancy
 - Level 2.0 Evocations


You had 18 spell levels left.
You knew the following spells:

 Your Spells              Type           Power      Damage    Failure   Level
a - Pain                  Necr           100%       1d9       1%          1
b - Animate Skeleton      Necr           92%        N/A       1%          1
c - Vampiric Draining     Necr           46%        2d9       1%          3
d - Dispel Undead         Necr           46%        3d18      2%          4
e - Animate Dead          Necr           23%        N/A       2%          4

Your spell library contained the following spells:

 Spells                   Type           Power      Damage    Failure   Level
 Agony                    Necr           46%        N/A       8%          5
 Excruciating Wounds      Necr           23%        N/A       8%          5
 Shock                    Conj/Air       36%        1d5       16%         1
 Summon Small Mammal      Summ           36%        N/A       16%         1
 Anguish                  Hex/Necr       13%        N/A       21%         4
 Ensorcelled Hibernation  Hex/Ice        18%        N/A       22%         2
 Passwall                 Tmut/Erth      7%         N/A       22%         2
 Call Canine Familiar     Summ           9%         N/A       41%         3
 Gell's Gravitas          Tloc           9%         N/A       41%         3
 Lesser Beckoning         Tloc           9%         N/A       41%         3
 Summon Guardian Golem    Hex/Summ       9%         N/A       41%         3
 Swiftness                Air            9%         N/A       41%         3
 Teleport Other           Tloc           9%         N/A       41%         3
 Borgnjor's Vile Clutch   Necr/Erth      13%        N/A       50%         5
 Airstrike                Air            4%         N/A       83%         4
 Simulacrum               Ice/Necr       13%        N/A       97%         6
 Haunt                    Necr/Summ      13%        N/A       100%        7
 Infestation              Necr           23%        N/A       100%        8


Dungeon Overview and Level Annotations

Branches:
Dungeon (12/15)            Temple (1/1) D:6            Lair (3/6) D:9
  Swamp (0/4) Lair:3       Spider (0/4) Lair:2          Orc (0/2) D:12
Volcano (visited)

Altars:
Ashenzari
Cheibriados
Dithmenos
Elyvilon
Fedhas
Gozag
Hepliaklqana
Kikubaaqudgha
Makhleb
Nemelex Xobeh
Okawaru
Qazlal
Ru
Sif Muna
Trog
Uskayaw
Vehumet
Wu Jian
Xom
Yredelemnul
Zin
The Shining One

Portals:
Trove: D:12 (give +3 gold dragon scales)

Annotations:
D:2 Sigmund
D:4 1 runed translucent door, HallandMoats's ghost, amateur GrFi
D:12 Urug


Innate Abilities, Weirdness & Mutations

You are small and have problems with some larger weapons.
You are completely attuned to the shadows.


Message History

You resist with significant effort.
Okay, then.
You hit the bog body.
The bog body is lightly damaged.
The bog body misses you.
You hit the bog body but do no damage.
The bog body is lightly damaged.
The bog body touches you but does no damage.
You hit the bog body.
The bog body is lightly damaged.
You hit the bog body.
The bog body is lightly damaged.
The bog body touches you but does no damage.
You hit the bog body but do no damage.
The bog body is lightly damaged.
The bog body touches you! The bog body freezes you!
The bog body casts a spell at you. The bolt of cold misses you.
Okay, then.
Okay, then.
Unknown command.
You feel yourself speed up.
The bog body points at you and mumbles some strange words.
You feel as though you will be slow longer.
The bog body casts a spell at you. The bolt of cold hits you!!
* * * LOW HITPOINT WARNING * * *
The bog body points at you and mumbles some strange words.
You resist with significant effort.
You feel much better.
The bog body gestures at you while chanting.
The bolt of cold hits you!!
* * * LOW HITPOINT WARNING * * *
As you read the scroll of fog, it crumbles to dust.
The scroll dissolves into smoke.
There is a stone staircase leading up here.
The bog body points at you and mumbles some strange words.
The bolt of cold hits you!!
You die...
Kikubaaqudgha rasps: "You have failed me!
Welcome... death!"

,,,,,,,...#....##...##
,,,,,,,,......###....#
,,,,*,,,,......#§§§.##
,,,,*,,,,,,....#§§§..#
,,,,,,,,,,,,...§§§§..#
,,,,,,,,*,,>.§§§§§§§§#
,,,,,,,,,,,,.P§#n§§§§#*
,,,**,,,*,,,PP§§§§§§§.*
,,***,,,,**,.#§.@§§...**
**,,,,,,,**,,#........,*
,,,,,,,,,,,,..........**
,,,,,,,,,,,,..........,*
,,,,,,,,,,,,.......<.,**
,,,,,*****,*,*,,,,,,,,,*
,**,** *****,,,,,,,,**
,**** ****,**,** **
******


You could see a bog body.

Vanquished Creatures
  A fire dragon (Volcano)
  A hydra (Lair:1)
  Harold (Lair:1)
  A centaur warrior (D:12)
  4 two-headed ogres
  A deep elf pyromancer (D:12)
  2 cyclopes
  A manticore (D:11)
  3 salamanders (Volcano)
  5 black mambas
  An unseen horror (D:11)
  5 cane toads
  A rime drake (Lair:2)
  Maggie (D:6)
  Psyche (D:12)
  8 komodo dragons
  3 trolls (D:10)
  2 polar bears
  3 blink frogs (Lair:1)
  A slime creature (D:11)
  A jumping spider (Lair:2)
  A shadow (D:10)
  9 wyverns
  Grum (Lair:1)
  2 wraiths
  2 steam dragons
  30 yaks
  8 fire bats
  2 basilisks
  4 vampire mosquitoes (D:12)
  Menkaure (D:7)
  6 water moccasins
  Duvessa (D:6)
  5 orc warriors
  3 ice beasts
  A sky beast (D:6)
  A necrophage (D:5)
  A hornet zombie (D:6)
  8 wolves
  6 ogres
  3 centaurs
  A phantom (D:4)
  5 kobold brigands
  14 bullfrogs
  2 wyvern zombies
  Blork the orc (D:6)
  5 scorpions
  A wyvern skeleton (D:7)
  A hornet simulacrum (D:8)
  Dowan (D:6)
  5 killer bees (D:7)
  9 wights
  4 howler monkeys
  5 electric eels
  3 centaur zombies
  2 jellies (D:6)
  5 orc priests
  3 hounds
  Crazy Yiuf (D:6)
  2 bullfrog skeletons (D:6)
  3 centaur skeletons
  3 iguanas
  14 orc wizards
  2 centaur simulacra
  2 hound skeletons (D:4)
  A killer bee simulacrum (D:8)
  11 gnolls
  8 adders
  3 white imps
  A howler monkey simulacrum (D:8)
  3 ufetubi
  2 adder skeletons (D:4)
  A worm (D:4)
  3 dart slugs (D:3)
  48 orcs
  5 ball pythons
  5 endoplasms
  A giant cockroach (D:4)
  4 goblins
  7 hobgoblins
  2 jackals (D:2)
  3 quokkas
  3 bats (D:1)
  6 frilled lizards
  21 kobolds
  5 rats
379 creatures vanquished.

Vanquished Creatures (collateral kills)
  A basilisk (D:9)
  A kobold (D:11)
2 creatures vanquished.

Vanquished Creatures (others)
  A hound (D:6)
  2 bushes (D:9)
  14 fungi
  161 plants
  2 withered plants (D:4)
180 creatures vanquished.

Grand Total: 561 creatures vanquished

Notes
Turn   | Place    | Note
-------+----------+-------------------------------------------
     0 | D:5      | testman the Kobold Delver began the quest for the Orb.
     0 | D:5      | Reached XP level 1. HP: 14/14 MP: 1/1
    83 | D:4      | Reached XP level 2. HP: 20/20 MP: 2/2
    97 | D:4      | Found a runed translucent door.
    97 | D:4      | Noticed HallandMoats's ghost (amateur GrFi)
   410 | D:1      | Reached XP level 3. HP: 20/24 MP: 3/3
  1046 | D:1      | Found a faded altar of an unknown god.
  1549 | D:2      | Noticed Sigmund
  1749 | D:2      | Reached XP level 4. HP: 29/29 MP: 4/4
  2711 | D:4      | Noticed a phantom
  2729 | D:4      | Killed a phantom
  2730 | D:4      | Reached skill level 7 in Stealth
  2730 | D:4      | Reached XP level 5. HP: 24/34 MP: 3/5
  2832 | D:4      | Reached skill level 5 in Short Blades
  2884 | D:4      | Reached skill level 5 in Fighting
  2938 | D:4      | Reached XP level 6. HP: 40/40 MP: 6/6
  3879 | D:4      | Reached skill level 8 in Stealth
  3879 | D:4      | Reached XP level 7. HP: 44/44 MP: 7/7
  4021 | D:4      | Reached skill level 1 in Throwing
  4748 | D:5      | Reached XP level 8. HP: 28/51 MP: 8/8
  5518 | D:6      | Reached skill level 9 in Stealth
  6240 | D:6      | Noticed Blork the orc
  6244 | D:6      | Killed Blork the orc
  6286 | D:6      | Reached skill level 1 in Evocations
  6812 | D:6      | Found a staircase to the Ecumenical Temple.
  6818 | Temple   | Entered the Ecumenical Temple
  7192 | Temple   | Became a worshipper of Kikubaaqudgha
  7216 | D:6      | Learned a level 1 spell: Pain
  7288 | D:6      | Noticed Maggie
  7298 | D:6      | Killed Maggie
  7299 | D:6      | Reached skill level 1 in Spellcasting
  7299 | D:6      | Reached skill level 1 in Necromancy
  7299 | D:6      | Reached XP level 9. HP: 50/57 MP: 8/11
  7454 | D:6      | Noticed Dowan
  7473 | D:6      | Noticed Duvessa
  7474 | D:6      | Killed Duvessa
  7475 | D:6      | Reached skill level 10 in Stealth
  7487 | D:6      | Killed Dowan
  7850 | D:6      | Noticed a death knight
  8364 | D:6      | Found a runed translucent door.
  8367 | D:6      | Noticed Crazy Yiuf
  8384 | D:6      | Killed Crazy Yiuf
  8745 | D:7      | Noticed Menkaure
  9081 | D:7      | Reached * piety under Kikubaaqudgha
  9081 | D:7      | Received a gift from Kikubaaqudgha
  9317 | D:7      | Learned a level 1 spell: Animate Skeleton
  9321 | D:7      | Learned a level 3 spell: Vampiric Draining
  9561 | D:7      | Reached XP level 10. HP: 59/64 MP: 15/15
 10042 | D:7      | Reached skill level 11 in Stealth
 10621 | D:7      | Killed Menkaure
 10827 | D:7      | Found a sacrificial altar of Ru.
 11162 | D:7      | Identified the +5 spear "Jellybane" {vorpal, Str+3}
 12294 | D:8      | Noticed a two-headed ogre
 12296 | D:8      | Killed a two-headed ogre
 12297 | D:8      | Reached skill level 5 in Necromancy
 12370 | D:8      | Reached skill level 5 in Spellcasting
 12553 | D:8      | Reached skill level 12 in Stealth
 12869 | D:9      | Reached ** piety under Kikubaaqudgha
 12884 | D:9      | Reached XP level 11. HP: 36/71 MP: 18/18
 13359 | D:9      | Noticed a two-headed ogre
 13732 | D:9      | HP: 2/72 [two-headed ogre (9)]
 14056 | D:9      | Killed a two-headed ogre
 14057 | D:9      | Reached skill level 13 in Stealth
 14675 | D:9      | Reached skill level 10 in Fighting
 15071 | D:9      | Found a staircase to the Lair.
 15107 | D:9      | Reached *** piety under Kikubaaqudgha
 15107 | D:9      | Received a gift from Kikubaaqudgha
 15407 | D:9      | Learned a level 4 spell: Dispel Undead
 15412 | D:9      | Learned a level 4 spell: Animate Dead
 15541 | D:10     | Entered Level 10 of the Dungeon
 16061 | D:10     | Noticed a two-headed ogre
 16985 | D:11     | Noticed a manticore
 16989 | D:11     | Killed a manticore
 17130 | D:11     | Reached XP level 12. HP: 63/78 MP: 22/22
 17652 | D:11     | Reached skill level 14 in Stealth
 18264 | D:11     | Reached **** piety under Kikubaaqudgha
 19010 | D:12     | Found a flickering gateway to a bazaar.
 19026 | Bazaar   | Entered a bazaar
 19031 | Bazaar   | Found Guagroitz's Distillery.
 19040 | Bazaar   | Found Siariw's Book Shop.
 19051 | Bazaar   | Found Neh Lom's Armour Shop.
 19089 | Bazaar   | Found Pahereps's Armour Emporium.
 19138 | Bazaar   | Bought a book of Death for 616 gold pieces
 19144 | Bazaar   | Bought 2 potions of curing for 84 gold pieces
 19144 | Bazaar   | Bought a potion of curing for 42 gold pieces
 19245 | D:12     | Reached skill level 1 in Shields
 19424 | D:12     | Found a portal to a secret trove of treasure.
 19476 | D:12     | Noticed Psyche
 19483 | D:12     | Killed Psyche
 19508 | D:12     | Found a staircase to the Orcish Mines.
 19529 | D:12     | Noticed a six-headed hydra
 19777 | D:12     | Noticed a centaur warrior
 19781 | D:12     | Killed a centaur warrior
 20098 | D:12     | Noticed Urug
 20175 | Lair:1   | Entered Level 1 of the Lair of Beasts
 20574 | Lair:1   | Noticed a six-headed hydra
 20577 | Lair:1   | Killed a six-headed hydra
 20653 | Lair:1   | Noticed a five-headed hydra
 20944 | Lair:1   | Noticed Grum
 20991 | Lair:1   | Killed Grum
 21313 | Lair:1   | Noticed Harold
 21317 | Lair:1   | Killed Harold
 21628 | Lair:1   | Reached skill level 15 in Stealth
 21660 | Lair:1   | Reached XP level 13. HP: 44/84 MP: 19/25
 23009 | Lair:2   | Found a hole to the Spider Nest.
 23733 | Lair:2   | Reached ***** piety under Kikubaaqudgha
 24660 | Lair:3   | Found a dark tunnel.
 24672 | Volcano  | Entered a volcano
 25741 | Volcano  | Reached skill level 16 in Stealth
 26850 | Volcano  | Noticed a fire dragon
 26884 | Volcano  | Killed a fire dragon
 27132 | Lair:3   | Found a staircase to the Swamp.
 27170 | Lair:3   | Killed from afar by a bog body

Illustrated notes

Levels and vault maps discovered:
D:1:      dpeg_arrival_simpleton_c, layout_loops_cross,
          shapermc_ecumenical_altar_flowoftime
D:2:      layout_loops_cross, uniq_sigmund
D:3:      wad_lake_hut, layout_basic
D:4:      layout_loops_ring, gammafunk_ghost_grave, kennysheep_generic_room_4
D:5:      layout_basic, sigmund_army
D:6:      cheibrodos_barr_body, layout_basic, minmay_temple_entry_junction_2,
          uniq_blork_the_orc, uniq_duvessa, uniq_crazy_yiuf_cottage, uniq_maggie
D:7:      layout_loops_ring, lemuel_round_altar, uniq_menkaure
D:8:      layout_loops_ring, serial_ice, serial_ice_i, serial_ice_f,
          serial_ice_o, serial_ice_c
D:9:      layout_loops_ring, minmay_lair_entry_grove, serial_ice, serial_ice_b,
          serial_ice_e, serial_ice_j, serial_ice_h
D:10:     layout_stronghold
D:11:     layout_loops_ring, minivault_4
D:12:     layout_grid_maze, orc_0_dummy, enter_trove_3, serial_shops,
          bzr_entry_gold, feat_on_display, uniq_urug, uniq_jorgrun, uniq_psyche
Temple:   mainiacjoe_temple_archimedes_tessellation
Lair:1:   layout_big_grid, chequers_serial_rivers_micro_a, serial_bayou_shore_a,
          grunt_megastairs_4, infiniplex_staircase_pool, uniq_harold, uniq_grum
Lair:2:   layout_gridlike, spider_nest_entry_rubble, wad_woods_road_05,
          grunt_megastairs_1, serial_bayou_shore_b
Lair:3:   layout_gridlike, skrybe_swamp_entry_bodies,
          nicolae_volcano_entry_batcave, uniq_sonja

Skill      XL: |  1  2  3  4  5  6  7  8  9 10 11 12 13 |
---------------+----------------------------------------+-----
Short Blades   | 3 4 5 6 8 9 |  9.9
Fighting       | 4 5 6 7 8 9 10 11 12 | 12.5
Stealth        | 7 8 9 10 12 13 15 16 | 16.2
Throwing       | 2 3 |  3.7
Evocations     | 2 |  2.0
Spellcasting   | 1 3 5 7 8 9 |  9.6
Necromancy     | 1 3 5 7 8 9 |  9.7
Shields        | 3 4 |  4.9
Dodging        | |  2.4

Action                   |  1- 3 |  4- 6 |  7- 9 | 10-12 | 13-15 || total
-------------------------+-------+-------+-------+-------+-------++-------
Melee: Short sword       |    83 |   146 |   381 |       |       ||   610
       Punch             |     2 |     3 |    12 |    16 |       ||    33
       Dagger            |       |       |    27 |   900 |   402 ||  1329
Throw: Dart              |       |     4 |     4 |       |       ||     8
       Boomerang         |       |       |       |     3 |       ||     3
       Throwing net      |       |       |       |     1 |       ||     1
 Cast: Pain              |       |       |    12 |    43 |    23 ||    78
       Vampiric Draining |       |       |       |    66 |    54 ||   120
       Animate Skeleton  |       |       |       |     4 |       ||     4
       Animate Dead      |       |       |       |     2 |     2 ||     4
       Dispel Undead     |       |       |       |     6 |       ||     6
Invok: Receive Corpses   |       |       |       |       |     1 ||     1
Evoke: Wand              |       |       |     7 |     4 |     1 ||    12
  Use: Scroll            |       |     1 |     7 |     6 |     4 ||    18
       Potion            |       |       |       |     2 |     4 ||     6
 Stab: Sleeping          |    16 |    18 |    29 |    47 |    20 ||   130
       Distracted        |       |       |       |     3 |     3 ||     6
       Paralysed         |       |       |       |     1 |       ||     1
       Held in net/web   |       |       |       |     2 |       ||     2
Armor: Leather armour    |    19 |    19 |    38 |    70 |    52 ||   198
       Robe              |       |       |    13 |       |       ||    13
       Steam dragon scal |       |       |    16 |    66 |       ||    82
Dodge: Dodged            |    47 |    67 |   225 |   349 |   166 ||   854
Block: Buckler           |       |       |       |    36 |    81 ||   117

Table legend: (Time is in decaauts)
 A = Elapsed time spent in this place.
 B = Non-inter-level travel time spent in this place.
 C = Inter-level travel time spent in this place.
 D = Time resting spent in this place.
 E = Time spent auto-exploring this place.
 F = Levels seen in this place.
 G = Mean time per level.
                   A        B        C        D        E       F      G
               +--------+--------+--------+--------+--------+-----+--------+
         Total |  26469 |  25795 |    674 |  11213 |   9840 |  18 | 1470.5 |
       Dungeon |  19146 |  18651 |    495 |   7534 |   7770 |  12 | 1595.5 |
        Temple |    394 |    346 |     48 |      0 |    324 |   1 |  394.0 |
          Lair |   4450 |   4320 |    130 |   1986 |   1541 |   3 | 1483.3 |
        Bazaar |    133 |    133 |      0 |      0 |     55 |   1 |  133.0 |
       Volcano |   2343 |   2343 |      0 |   1693 |    149 |   1 | 2343.0 |
               +--------+--------+--------+--------+--------+-----+--------+

Top non-repeatable levels by time:
  Lair:1: 2459 daAuts
 Volcano: 2343 daAuts
     D:7: 2334 daAuts
     D:6: 2302 daAuts
    D:11: 2301 daAuts
     D:9: 2217 daAuts
     D:5: 2074 daAuts
     D:8: 1945 daAuts
  Lair:2: 1846 daAuts
     D:4: 1307 daAuts
    D:10: 1234 daAuts
     D:1: 1055 daAuts
     D:3: 849 daAuts
     D:2: 794 daAuts
    D:12: 730 daAuts
